 Dungeon Crawl Stone Soup version 0.31-a0-536-ga3e2962e35 (webtiles) character file.

Game seed: 8526031326650554547

97 JackS81 the Conjurer (level 4, -1/30 (33) HPs)
             Began as a Demonspawn Reaver on Aug 12, 2023.
             Slain by a goblin
             ... wielding a +0 dagger
             ... led by Robin
              (3 damage)
             ... on level 2 of the Dungeon on Aug 13, 2023.
             The game lasted 00:13:50 (1566 turns).

JackS81 the Conjurer (Demonspawn Reaver)            Turns: 1566, Time: 00:13:50

HP:   -1/30 (33)    AC:  6    Str: 14    XL:     4   Next: 42%
MP:   4/7           EV: 11    Int: 15    God:
Gold: 194           SH:  0    Dex: 11    Spells: 4/7 levels left

rFire   . . .        a - +0 short sword
rCold   . . .        (no shield)
rNeg    . . .        b - +0 leather armour
rPois   .            (no helmet)
rElec   .            (no cloak)
rCorr   .            (no gloves)
SInv    .            d - +2 pair of boots
Will    +....        (no amulet)
Stlth   +            (no ring)
HPRegen 0.25/turn    (no ring)
MPRegen 0.10/turn

%: no passive effects
@: mighty, enlightened, flying, drained
A: demonic magic 2
a: no special abilities


You were on level 2 of the Dungeon.
You visited 1 branch of the dungeon, and saw 2 of its levels.

You collected 194 gold pieces.

Inventory:

Hand Weapons
 a - a +0 short sword (weapon)
Missiles
 h - 8 stones
 m - 6 boomerangs (quivered)
Armour
 b - a +0 leather armour (worn)
 d - a +2 pair of boots (worn)
Jewellery
 l - a ring of wizardry
Scrolls
 c - 2 scrolls of teleportation
 f - a scroll of torment {unknown}
 g - 2 scrolls of identify
 j - a scroll of fear {unknown}
 k - 2 scrolls of blinking {unknown}


   Skills:
 - Level 2.0 Fighting
 + Level 3.2 Short Blades
 * Level 1.5 Throwing
 + Level 2.0 Dodging
 + Level 2.3 Spellcasting
 + Level 3.9 Conjurations


You had 4 spell levels left.
You knew the following spells:

 Your Spells              Type           Power      Damage    Failure   Level
a - Kiss of Death         Conj/Necr      28%        2d7       12%         1
b - Momentum Strike       Conj/Tloc      14%        3d8       19%         2

Your spell library contained the following spells:

 Spells                   Type           Power      Damage    Failure   Level
 Hailstorm                Conj/Ice       7%         3d4       36%         3
 Sublimation of Blood     Necr           1%         N/A       38%         2
 Wereblood                Tmut           1%         N/A       38%         2
 Ozocubu's Armour         Ice            1%         N/A       63%         3
 Ozocubu's Refrigeration  Ice            0%         4d7       100%        7
 Summon Hydra             Summ           0%         N/A       100%        7


Dungeon Overview and Level Annotations

Branches:
Dungeon (2/15)

Altars:


Innate Abilities, Weirdness & Mutations

Spells you cast may paralyse nearby enemies.


Message History

The concentrated momentum hits Robin!
Robin is almost dead.
You are unable to move.
Malevolent energies surge around you.
Robin suddenly stops moving!
It was a potion of enlightenment.
You feel very buoyant.
You fly up into the air.
You barely miss the hobgoblin. You closely miss the hobgoblin.
The hobgoblin closely misses you.
You closely miss the hobgoblin. The goblin hits you but does no damage.
You hit the goblin.
The goblin is heavily wounded.
The hobgoblin misses you. The goblin hits you with a +0 club.
You hit the goblin.
You kill the goblin!
You are no longer robbed of momentum.
Robin is no longer paralysed.
Robin hits you from afar with a +0 trident!
The hobgoblin hits you.
A goblin comes into view. It is wielding a +0 dagger.
The goblin shouts!
Robin says, "Bow before me, strongest of all the hobgoblins!"
Robin hits you with a +0 trident!
* * * LOW HITPOINT WARNING * * *
The hobgoblin hits you but does no damage.
Items here: )) ††.
You hit Robin.
You kill Robin!
The hobgoblin hits you but does no damage.
You hit the goblin but do no damage. The goblin hits you but does no damage.
The hobgoblin hits you.
* * * LOW HITPOINT WARNING * * *
You feel very mighty all of a sudden. The goblin hits you but does no damage.
The hobgoblin barely misses you.
Your magical contamination has completely faded away.
You barely miss the goblin. The goblin barely misses you.
The hobgoblin hits you but does no damage.
You completely miss the goblin. You closely miss the goblin.
The goblin hits you with a +0 dagger.
You die...

#....## ###..#..##.# ##.#.##
#.....# #..#..##.####.#.##
#.##..# ##..#..##.####.#.##
#.##..# #.........####.#.##
#.##..# ##...#.########.#.##
#.##..###....#.########.#.##
#.##......#..#.########.#.##
#............)g########.#.##
#####.#####.g@..........#.##
#.# *#>#############.## #.#
#...############.## #.#
#...############.#### #.##
#...############..... #..#
###g################# #..#
#.############### #..#
###g##..........##### #..#
#......########......


You could see a hobgoblin and a goblin.

Vanquished Creatures
  Terence (D:2)
  Robin (D:2)
  An adder (D:2)
  A dart slug (D:1)
  4 ball pythons
  3 bats
  4 endoplasms (D:2)
  2 giant cockroaches
  12 goblins
  3 hobgoblins
  5 kobolds
  3 quokkas
  3 frilled lizards
  4 rats
47 creatures vanquished.

Notes
Turn   | Place    | Note
-------+----------+-------------------------------------------
     0 | D:1      | JackS81 the Demonspawn Reaver began the quest for the Orb.
     0 | D:1      | Reached XP level 1. HP: 16/16 MP: 3/3
   120 | D:1      | Found a faded altar of an unknown god.
   241 | D:1      | Gained mutation: Spells you cast may paralyse adjacent
                  | enemies. [demonic ancestry]
   241 | D:1      | Reached XP level 2. HP: 19/19 MP: 3/5
  1020 | D:2      | Reached XP level 3. HP: 23/27 MP: 6/6
  1169 | D:2      | Noticed Terence
  1210 | D:2      | Killed Terence
  1211 | D:2      | Reached skill level 1 in Throwing
  1211 | D:2      | Gained mutation: Spells you cast may paralyse nearby
                  | enemies. [demonic ancestry]
  1211 | D:2      | Reached XP level 4. HP: 16/27 MP: 5/7
  1212 | D:2      | Upgraded the game from 0.31-a0-524-g2a164cf6a2 to
                  | 0.31-a0-536-ga3e2962e35
  1215 | D:2      | Learned a level 2 spell: Momentum Strike
  1445 | D:2      | Noticed Robin
  1561 | D:2      | Killed Robin
  1566 | D:2      | Slain by a goblin

Illustrated notes

Levels and vault maps discovered:
D:1:      tarquinn_simple_flora_water_c, layout_basic,
          nicolae_ecumenical_snake_handling
D:2:      layout_loops_ring, kennysheep_pointless_box, uniq_robin, uniq_terence

Skill      XL: |  1  2  3 |
---------------+----------+-----
Short Blades   | 3 |  3.2
Throwing       | 1 |  1.5
Dodging        | 2 |  2.0
Fighting       | |  2.0
Spellcasting   | |  2.3
Conjurations   | |  3.9

Action                     |  1- 3 |  4- 6 || total
---------------------------+-------+-------++-------
  Melee: Short sword       |   156 |    47 ||   203
         Punch             |     2 |       ||     2
  Throw: Boomerang         |     3 |       ||     3
   Cast: Kiss of Death     |     3 |       ||     3
         Momentum Strike   |       |     2 ||     2
    Use: Scroll            |       |     3 ||     3
         Potion            |       |     2 ||     2
   Stab: Sleeping          |     1 |       ||     1
 Armour: Leather armour    |    49 |    14 ||    63
  Dodge: Dodged            |    80 |    32 ||   112

Table legend: (Time is in decaauts)
 A = Elapsed time spent in this place.
 B = Non-inter-level travel time spent in this place.
 C = Inter-level travel time spent in this place.
 D = Time resting spent in this place.
 E = Time spent auto-exploring this place.
 F = Levels seen in this place.
 G = Mean time per level.
                   A        B        C        D        E       F      G
               +--------+--------+--------+--------+--------+-----+--------+
         Total |   1538 |   1507 |     31 |      5 |   1039 |   2 |  769.0 |
       Dungeon |   1538 |   1507 |     31 |      5 |   1039 |   2 |  769.0 |
               +--------+--------+--------+--------+--------+-----+--------+

Top non-repeatable levels by time:
     D:2: 791 daAuts
     D:1: 747 daAuts
